 Dungeon Crawl Stone Soup version 0.30-a0-808-g6e0788376e (webtiles) character file.

Game seed: 18355951684544454719

207 cforsyth the Sneak (level 6, -1/38 HPs)
             Began as a Kobold Brigand on Feb 26, 2023.
             Slain by an orc wizard
             ... wielding a +0 dagger
              (2 damage)
             ... on level 3 of the Dungeon.
             The game lasted 00:03:53 (3637 turns).

cforsyth the Sneak (Kobold Brigand)                 Turns: 3637, Time: 00:03:54

Health: -1/38      AC:  3    Str:  8    XL:     6   Next: 11%
Magic:  6/6        EV: 16    Int: 12    God:
Gold:   132        SH:  0    Dex: 19    Spells: 5/5 levels left

rFire   . . .      SeeInvis .    a - +2 dagger
rCold   . . .      Faith    .    (no shield)
rNeg    . . .      Spirit   .    b - +0 robe
rPois   .          Reflect  .    (no helmet)
rElec   .          Harm     .    c - +0 cloak
rCorr   .          Rampage  .    (no gloves)
Will    .....                    (no boots)
Stlth   +++++                    (no amulet)
HPRegen 0.26/turn                (no ring)
MPRegen 0.10/turn                (no ring)

@: mighty, attractive
A: small, no large weapons, nightstalker 3
a: no special abilities


You were on level 3 of the Dungeon.
You visited 1 branch of the dungeon, and saw 3 of its levels.

You collected 132 gold pieces.

Inventory:

Hand Weapons
 a - a +2 dagger (weapon)
Missiles
 d - 9 poisoned darts (quivered)
 e - 3 curare-tipped darts
Armour
 b - a +0 robe (worn)
 c - a +0 cloak (worn)
Jewellery
 s - a ring of magical power
Scrolls
 h - 2 scrolls of enchant armour {unknown}
 i - a scroll of acquirement {unknown}
 j - a scroll of fear {unknown}
 l - 3 scrolls of teleportation {unknown}
 m - a scroll of blinking {unknown}
 n - a scroll of immolation {unknown}
 q - a scroll of fog {unknown}
 t - a scroll of identify {unknown}
 u - a scroll of summoning {unknown}


   Skills:
 + Level 3.7 Fighting
 + Level 4.4 Short Blades
 - Level 2.1 Throwing
 + Level 3.3 Dodging
 + Level 6.6 Stealth


You had 5 spell levels left.
You didn't know any spells.
Your spell library contained the following spells:

 Spells                   Type           Power      Damage    Failure   Level
 Magic Dart               Conj           0%         1d3       32%         1
 Call Imp                 Summ           0%         N/A       45%         2
 Mephitic Cloud           Conj/Pois/Air  0%         N/A       69%         3


Dungeon Overview and Level Annotations

Branches:
Dungeon (3/15)

Altars:
Okawaru

Annotations:
D:3 Grinder


Innate Abilities, Weirdness & Mutations

You are small and have problems with some larger weapons.
You are completely attuned to the shadows.


Message History

You hear some strange, mumbled words.
A magic dart appears from out of thin air!
The magic dart hits you!
You bump into the rock wall.
Something hits you but does no damage.
You bump into the rock wall.
Something hits you but does no damage.
You bump into the rock wall.
Something barely misses you.
You're too confused to move!
Something hits you.
You bump into the rock wall.
Something hits you.
* * * LOW HITPOINT WARNING * * *
You completely miss something.
You feel less confused.
You hear some strange, mumbled words.
A magic dart appears from out of thin air!
The magic dart hits you.
* * * LOW HITPOINT WARNING * * *
It was a potion of might.
You feel very mighty all of a sudden. Something hits you.
* * * LOW HITPOINT WARNING * * *
You closely miss something.
You hear some strange, mumbled words.
You are confused.
You bump into the rock wall.
Something barely misses you.
You completely miss something.
An orc wizard appears from thin air!
Reactivating autopickup.
The orc wizard attacks as you move away!
The orc wizard closely misses you.
The orc wizard casts a spell.
The orc wizard flickers and vanishes!
Deactivating autopickup; reactivate with Ctrl-A.
Something is attracted toward you.
You bump into the rock wall.
Something closely misses you.
You're too confused to move!
Something hits you.
* * * LOW HITPOINT WARNING * * *
You completely miss something. Something hits you.
* * * LOW HITPOINT WARNING * * *
You bump into the rock wall.
You feel less confused. Something hits you.
You die...

####.######
#.# #.#
..........#
#.# #.#
####.####.#
#.# #.# #.#
#
#.####.###.#
#...........
###<##..###
#{##.$###.
#@##......
#.##..#...
...)[.####
##.###.# #.#
#.# .#.


There were no monsters in sight!

Vanquished Creatures
  An iguana (D:2)
  An orc wizard (D:2)
  8 adders
  2 worms (D:2)
  A dart slug (D:1)
  9 orcs
  5 ball pythons
  3 bats
  4 endoplasms
  7 giant cockroaches
  4 goblins
  8 hobgoblins
  3 quokkas
  4 frilled lizards
  4 kobolds
  4 rats
68 creatures vanquished.

Notes
Turn   | Place    | Note
-------+----------+-------------------------------------------
     0 | D:1      | cforsyth the Kobold Brigand began the quest for the Orb.
     0 | D:1      | Reached XP level 1. HP: 12/12 MP: 1/1
    88 | D:1      | Reached XP level 2. HP: 18/18 MP: 2/2
   506 | D:1      | Reached XP level 3. HP: 22/22 MP: 3/3
  1188 | D:2      | Reached XP level 4. HP: 27/27 MP: 4/4
  1195 | D:2      | Reached skill level 6 in Stealth
  1929 | D:2      | Reached XP level 5. HP: 32/32 MP: 5/5
  2010 | D:3      | Found an iron altar of Okawaru.
  2095 | D:3      | Noticed Grinder
  3214 | D:2      | HP: 1/32 [iguana (10)]
  3518 | D:2      | Reached XP level 6. HP: 21/38 MP: 6/6
  3636 | D:3      | HP: 1/38 [something (1)]
  3637 | D:3      | Slain by an orc wizard

Illustrated notes

Levels and vault maps discovered:
D:1:      dpeg_arrival_water_altar, layout_basic
D:2:      layout_loops_cross, grunt_decor_mini_mirrors, minmay_crystal_room,
          minmay_misc_feat_chi, chequers_avenue, wad_floor_pattern_1,
          minmay_octomino_j4
D:3:      layout_loops_ring, mainiacjoe_overflow_paths,
          makhleb_altar_promises_db, serial_shops, nicolae_square_shop,
          uniq_grinder

Skill      XL: |  1  2  3  4  5 |
---------------+----------------+-----
Short Blades   | 3 4 |  4.4
Dodging        | 2 3 |  3.3
Fighting       | 3 |  3.7
Stealth        | 6 |  6.6
Throwing       | |  2.1

Action                     |  1- 3 |  4- 6 || total
---------------------------+-------+-------++-------
  Melee: Dagger            |    70 |   190 ||   260
         Punch             |       |     1 ||     1
    Use: Potion            |       |     6 ||     6
   Stab: Sleeping          |    21 |    13 ||    34
 Armour: Robe              |     5 |    27 ||    32
         Skin              |       |     3 ||     3
  Dodge: Dodged            |    22 |   124 ||   146

Table legend: (Time is in decaauts)
 A = Elapsed time spent in this place.
 B = Non-inter-level travel time spent in this place.
 C = Inter-level travel time spent in this place.
 D = Time resting spent in this place.
 E = Time spent auto-exploring this place.
 F = Levels seen in this place.
 G = Mean time per level.
                   A        B        C        D        E       F      G
               +--------+--------+--------+--------+--------+-----+--------+
         Total |   3604 |   3534 |     70 |   1083 |   1875 |   3 | 1201.3 |
       Dungeon |   3604 |   3534 |     70 |   1083 |   1875 |   3 | 1201.3 |
               +--------+--------+--------+--------+--------+-----+--------+

Top non-repeatable levels by time:
     D:2: 2156 daAuts
     D:1: 1040 daAuts
     D:3: 407 daAuts
